 Dungeon Crawl Stone Soup version 0.29.0-4-gdea44cf6ec (webtiles) character file.

Game seed: 14772518714108134256

2486 qw the Warrior (level 9, 0/97 HPs)
             Began as a Barachi Chaos Knight on Sept 5, 2022.
             Slain by a sixfirhy (12 damage)
             ... summoned by Xom
             ... on level 7 of the Dungeon.
             The game lasted 00:03:20 (7397 turns).

qw the Warrior (Barachi Chaos Knight)               Turns: 7397, Time: 00:03:21

Health: 0/97       AC: 11    Str: 17 (18) XL:     9   Next: 52%
Magic:  9/9        EV: 10    Int: 10 (12) God:
Gold:   457        SH:  5    Dex:  6 (12) Spells: 8/8 levels left

rFire   . . .      SeeInvis .   Y - +1 hand axe (protect)
rCold   + . .      Faith    .   (no shield)
rNeg    . . .      Spirit   .   f - +2 scale mail {rPois}
rPois   +          Reflect  +   (no helmet)
rElec   .          Harm     .   (no cloak)
rCorr   .          Rampage  .   (no gloves)
Will    .....                   b - +2 pair of boots
Stlth   ..........              i - amulet of reflection
HPRegen 0.26/turn               (no ring)
MPRegen 0.11/turn               (no ring)

@: slow
A: amphibious, slowness 1, strong legs 1, +LOS, cold resistance 1, deterioration
1, robust 1, inability to read after injury 1, sturdy frame 1
a: Hop


You were on level 7 of the Dungeon.
You visited 2 branches of the dungeon, and saw 8 of its levels.
You also visited: Ossuary.

You collected 457 gold pieces.


Innate Abilities, Weirdness & Mutations

You are amphibious.
You cover ground slowly.
You can hop short distances.
You have an extended range of vision and can be seen from far away.
Your flesh is cold resistant. (rC+)
Your body sometimes deteriorates upon taking damage.
You are robust. (+10% HP)
You occasionally lose the ability to read scrolls when taking damage.
Your movements are slightly less encumbered by armour. (ER -2)


   Skills:
 - Level 15.0 Fighting
 + Level 10.1 Axes
 - Level 2.0 Throwing
 - Level 3.0 Armour
 - Level 1.1 Dodging


You had 8 spell levels left.
You didn't know any spells.
Your spell library was empty.

Inventory:

Hand Weapons
 a - a +0 flail
 Y - a +1 hand axe of protection (weapon)
Missiles
 k - 11 boomerangs (quivered)
Armour
 b - a +2 pair of boots (worn)
 d - a +0 scale mail of fire resistance
 f - a +2 scale mail of poison resistance (worn)
 m - +0 ice dragon scales
 s - a +0 chain mail
Jewellery
 i - an amulet of reflection (around neck)
 n - a ring of fire
Scrolls
 j - 4 scrolls of identify
Potions
 e - 3 potions of might
 o - a potion of haste
 p - a potion of curing
 q - a potion of cancellation
Miscellaneous
 c - a piece from Xom's chessboard (15/15)

Dungeon Overview and Level Annotations

Branches:
Dungeon (7/15)             Temple (1/1) D:5         Ossuary (visited)

Altars:
Ashenzari
Dithmenos
Elyvilon
Fedhas
Hepliaklqana
Qazlal
Sif Muna
Trog
Uskayaw
Vehumet
Wu Jian
Xom
Yredelemnul


Message History

The sixfirhy is moderately wounded.
You barely miss the iron imp. The sixfirhy barely misses you.
The sixfirhy hits you but does no damage. x2
The iron imp shouts, "Turn tail, thou mewling sheep-biting pignut!"
The iron imp barely misses you.
You hit the sixfirhy.
The sixfirhy is heavily wounded.
You hit the iron imp but do no damage. The sixfirhy barely misses you.
The sixfirhy hits you but does no damage.
The sixfirhy hits you. The sixfirhy shocks you!
Your body deteriorates!
You feel clumsy.
The iron imp hits you but does no damage.
You miss the sixfirhy. You punch the sixfirhy.
The sixfirhy is heavily wounded.
You hit the iron imp but do no damage.
The sixfirhy hits you but does no damage. x2
You hit the sixfirhy.
The sixfirhy is heavily wounded.
You slash the iron imp!
Your surroundings suddenly seem different.
Found a leather armour.
Enter note: You start resting.
A sixfirhy is nearby!
Throw: 2 javelins
Press: ? - help, Q - select action, (/) - cycle Shift-Dir - straight line, f - sixfirhy You throw a javelin.
The javelin pierces through the sixfirhy!
The sixfirhy is moderately wounded.
Throw: javelin
Press: ? - help, Q - select action, (/) - cycle Shift-Dir - straight line, f/p - sixfirhy You throw a javelin.
The javelin misses the sixfirhy.
Throw: 11 boomerangs
Press: ? - help, Q - select action Shift-Dir - straight line, f/p - sixfirhy You throw a boomerang.
The boomerang completely misses the sixfirhy.
You block the sixfirhy's attack. The sixfirhy hits you.
The sixfirhy shocks you!
You die...

# ..#
#########...#
#........#
#.....3..#. #
#..###5.#...##
.##.. # ..#.....#
......
.........##.......
$..!....[@........
........3.........
........##........
.##..... ##.##...
..#..... ## .#
..##.. ( .. ...
...


You could see a sixfirhy (summoned).

Vanquished Creatures
  An unseen horror (D:7)
  Menkaure (D:7)
  An ice beast (D:5)
  2 water moccasins
  A sky beast (D:7)
  2 ogres
  2 centaurs (D:7)
  A phantom (D:4)
  2 necrophages
  4 water moccasin zombies
  3 howler monkeys (D:7)
  A jelly (D:5)
  A hound (D:4)
  2 orc priests
  Jessica (D:3)
  An iguana (D:5)
  3 orc wizards
  2 mummies (Ossuary)
  3 adders
  2 shadow imps (D:6)
  A white imp (D:7)
  An ufetubus (D:6)
  6 adder zombies
  2 worms (D:3)
  A dart slug (D:5)
  23 orcs
  10 ball pythons
  6 endoplasms
  5 gnoll zombies (Ossuary)
  6 goblins
  6 hobgoblins
  9 jackals
  8 kobolds
  8 bats
  A frilled lizard (D:2)
  2 hobgoblin zombies (Ossuary)
  5 kobold zombies (Ossuary)
  3 orc zombies (Ossuary)
  4 rats
143 creatures vanquished.

Vanquished Creatures (others)
  5 toadstools (D:3)
5 creatures vanquished.

Grand Total: 148 creatures vanquished

Notes
Turn   | Place    | Note
-------+----------+-------------------------------------------
     0 | D:1      | qw the Barachi Chaos Knight began the quest for the Orb.
     0 | D:1      | Reached XP level 1. HP: 18/18 MP: 1/1
     0 | D:1      | 0 ||| qw: Version: 0.1-a-104-g96f76f8
     0 | D:1      | 0 ||| qw: Game counter: 5897
     0 | D:1      | 0 ||| qw: Always use a shield: true
     0 | D:1      | 0 ||| qw: God list: Okawaru
     0 | D:1      | 0 ||| qw: Allow faded altars: false
     0 | D:1      | 0 ||| qw: Do Orc after D:15 true
     0 | D:1      | 0 ||| qw: Do second Lair branch before Depths: true
     0 | D:1      | 0 ||| qw: Lair rune preference: random
     0 | D:1      | 0 ||| qw: Plans: Normal
     0 | D:1      | 0 ||| PLANNING D:1-11
     0 | D:1      | Fell from the grace of Xom
    64 | D:1      | 64 ||| Stepping ~*~*~tactically~*~*~ (stealth).
    65 | D:1      | 65 ||| Stepping ~*~*~tactically~*~*~ (stealth).
    75 | D:1      | 75 ||| Stepping ~*~*~tactically~*~*~ (stealth).
    76 | D:1      | 76 ||| Stepping ~*~*~tactically~*~*~ (stealth).
   187 | D:1      | Reached XP level 2. HP: 20/24 MP: 2/2
   235 | D:1      | XOM: 5-stop teleportation journey
   356 | D:1      | 356 ||| Stepping ~*~*~tactically~*~*~ (stealth).
   361 | D:1      | 361 ||| Stepping ~*~*~tactically~*~*~ (stealth).
   629 | D:1      | Found a faded altar of an unknown god.
   724 | D:1      | 724 ||| UPGRADING to +0 ring mail.
   734 | D:1      | 734 ||| DROPPING +2 leather armour.
   735 | D:1      | 735 ||| READING scroll labelled OPHA VEHIBOS.
   736 | D:1      | 736 ||| READING 2 scrolls labelled TIOSEA RIOPT.
   737 | D:1      | 737 ||| READING scroll labelled VUPAID YXYIFED.
   738 | D:1      | 738 ||| READING scroll labelled UGAR QEUGASEI.
   890 | D:2      | 890 ||| Stepping ~*~*~tactically~*~*~ (stealth).
   903 | D:2      | Reached XP level 3. HP: 24/29 MP: 3/3
   964 | D:2      | 964 ||| Stepping ~*~*~tactically~*~*~ (stealth).
   985 | D:2      | 985 ||| Stepping ~*~*~tactically~*~*~ (stealth).
   986 | D:2      | 986 ||| Stepping ~*~*~tactically~*~*~ (stealth).
   989 | D:2      | 989 ||| Stepping ~*~*~tactically~*~*~ (stealth).
  1009 | D:2      | 1009 ||| Stepping ~*~*~tactically~*~*~ (stealth).
  1012 | D:2      | 1012 ||| Stepping ~*~*~tactically~*~*~ (stealth).
  1015 | D:2      | 1015 ||| Stepping ~*~*~tactically~*~*~ (hiding).
  1140 | D:2      | Found a stormy altar of Qazlal.
  1219 | D:2      | XOM: 2-stop teleportation journey
  1859 | D:2      | 1859 ||| UPGRADING to +2 pair of boots.
  1864 | D:2      | 1864 ||| UPGRADING to +0 chain mail.
  1874 | D:2      | 1874 ||| DROPPING +0 ring mail.
  1875 | D:2      | 1875 ||| DROPPING amulet of faith.
  1876 | D:2      | 1876 ||| READING 2 scrolls labelled WENADUACORR.
  1877 | D:2      | 1877 ||| READING scroll labelled KAIRIH APOTZ.
  1878 | D:2      | 1878 ||| READING scroll labelled PAZORCHEREO.
  1979 | D:2      | 1979 ||| READING 4 scrolls of identify.
  1979 | D:2      | 1979 ||| IDENTIFYING fizzy purple potion
  1980 | D:2      | 1980 ||| READING 3 scrolls of identify.
  1980 | D:2      | 1980 ||| IDENTIFYING red potion
  1981 | D:2      | 1981 ||| READING 2 scrolls of identify.
  1981 | D:2      | 1981 ||| IDENTIFYING grey potion
  1982 | D:2      | 1982 ||| DROPPING scroll of fog.
  1983 | D:2      | 1983 ||| DROPPING potion of flight.
  2108 | D:3      | 2108 ||| DROPPING +0 club.
  2137 | D:3      | XOM: give mutations
  2137 | D:3      | Gained mutation: You are partially covered in iridescent
                  | scales. (AC +2) [Xom's mischief]
  2137 | D:3      | Gained mutation: You have hidden genetic defects. [Xom's
                  | mischief]
  2137 | D:3      | Gained mutation: Your magical capacity is low. (-10% MP)
                  | [Xom's mischief]
  2171 | D:3      | Reached XP level 4. HP: 22/36 MP: 3/3
  2172 | D:3      | Gained mutation: Your magical capacity is very low. (-20%
                  | MP) [hidden defects]
  2320 | D:3      | 2320 ||| Stepping ~*~*~tactically~*~*~ (stealth).
  2330 | D:3      | 2330 ||| Stepping ~*~*~tactically~*~*~ (stealth).
  2331 | D:3      | 2331 ||| Stepping ~*~*~tactically~*~*~ (stealth).
  2335 | D:3      | 2335 ||| FLEEEEING.
  2343 | D:3      | Reached skill level 6 in Axes
  2347 | D:3      | Reached XP level 5. HP: 28/42 MP: 4/4
  2355 | D:3      | Gained mutation: Your body sometimes deteriorates upon
                  | taking damage. [hidden defects]
  2355 | D:3      | Lost mutation: You have hidden genetic defects. [hidden
                  | defects expressed]
  2661 | D:3      | Noticed Jessica
  2662 | D:3      | 2662 ||| Stepping ~*~*~tactically~*~*~ (hiding).
  2665 | D:3      | 2665 ||| Stepping ~*~*~tactically~*~*~ (hiding).
  2666 | D:3      | 2666 ||| Stepping ~*~*~tactically~*~*~ (hiding).
  2673 | D:3      | Killed Jessica
  2674 | D:3      | Reached skill level 4 in Fighting
  2823 | D:3      | XOM: give mutations
  2823 | D:3      | Gained mutation: You are robust. (+10% HP) [Xom's mischief]
  2823 | D:3      | Gained mutation: You are weak. (Str -2) [Xom's mischief]
  2955 | D:3      | Identified the +8 rapier of the Forgotten Friars {vamp,
                  | rPois MP+9 Int+3 Dex-5}
  3082 | D:3      | XOM: noise
  3236 | D:3      | 3236 ||| Stepping ~*~*~tactically~*~*~ (stealth).
  3237 | D:3      | 3237 ||| Stepping ~*~*~tactically~*~*~ (stealth).
  3301 | D:3      | Found a blossoming altar of Fedhas.
  3306 | D:3      | XOM: divination: detect items
  3375 | D:3      | 3375 ||| Stepping ~*~*~tactically~*~*~ (stealth).
  3376 | D:3      | 3376 ||| Stepping ~*~*~tactically~*~*~ (stealth).
  3377 | D:3      | 3377 ||| Stepping ~*~*~tactically~*~*~ (stealth).
  3458 | D:3      | 3458 ||| UPGRADING to +2 scale mail of poison resistance.
  3468 | D:3      | 3468 ||| READING scroll labelled LIFACIEPLI.
  3469 | D:3      | 3469 ||| DRINKING 3 white potions.
  3474 | D:3      | XOM: give mutations
  3474 | D:3      | Lost mutation: You are weak. (Str -2) [Xom's mischief]
  3474 | D:3      | Lost mutation: Your body sometimes deteriorates upon taking
                  | damage. [Xom's mischief]
  3570 | D:3      | 3570 ||| DRINKING 2 silvery potions.
  3571 | D:3      | 3571 ||| READING 3 scrolls of identify.
  3571 | D:3      | 3571 ||| IDENTIFYING dark potion
  3572 | D:3      | 3572 ||| READING 2 scrolls of identify.
  3572 | D:3      | 3572 ||| IDENTIFYING metallic emerald potion
  3573 | D:3      | 3573 ||| DROPPING potion of attraction.
  3574 | D:3      | 3574 ||| DROPPING 2 potions of ambrosia.
  3575 | D:3      | 3575 ||| DROPPING potion of magic.
  3579 | D:4      | 3579 ||| PLANNING OSSUARY
  3638 | D:4      | Found a sand-covered staircase.
  3647 | Ossuary  | Entered an ossuary
  3701 | Ossuary  | Reached XP level 6. HP: 42/52 MP: 4/4
  3944 | Ossuary  | 3944 ||| READING scroll of brand weapon.
  3944 | Ossuary  | 3944 ||| BRANDING +1 hand axe of electrocution.
  3949 | Ossuary  | 3949 ||| DRINKING 3 murky puce potions.
  3950 | Ossuary  | 3950 ||| DRINKING 2 fuming emerald potions.
  3951 | Ossuary  | 3951 ||| DRINKING 2 black potions.
  3952 | Ossuary  | 3952 ||| READING 4 scrolls of identify.
  3952 | Ossuary  | 3952 ||| IDENTIFYING sapphire potion
  3953 | Ossuary  | 3953 ||| DRINKING potion of experience.
  3953 | Ossuary  | Reached skill level 15 in Fighting
  3953 | Ossuary  | Reached XP level 7. HP: 83/83 MP: 5/5
  3954 | Ossuary  | 3954 ||| READING 3 scrolls of identify.
  3954 | Ossuary  | 3954 ||| IDENTIFYING pink potion
  3955 | Ossuary  | 3955 ||| DROPPING potion of degeneration.
  3956 | Ossuary  | 3956 ||| DROPPING potion of invisibility.
  3962 | D:4      | 3962 ||| PLANNING D:1-11
  3978 | D:4      | 3978 ||| Stepping ~*~*~tactically~*~*~ (stealth).
  4031 | D:4      | 4031 ||| DROPPING +2 mace of protection.
  4183 | D:4      | Reached XP level 8. HP: 91/91 MP: 6/6
  4507 | D:4      | 4507 ||| UPGRADING to amulet of reflection.
  4545 | D:5      | Entered Level 5 of the Dungeon
  4558 | D:5      | 4558 ||| Stepping ~*~*~tactically~*~*~ (hiding).
  4580 | D:5      | 4580 ||| Stepping ~*~*~tactically~*~*~ (stealth).
  4701 | D:5      | 4701 ||| Stepping ~*~*~tactically~*~*~ (stealth).
  4728 | D:5      | XOM: summons 9 hostile demons
  4737 | D:5      | HP: 16/91 [shadow imp/nerve-wracking pain[Xom] (10)]
  4738 | D:5      | 4738 ||| READING 2 scrolls of teleportation.
  4738 | D:5      | HP: 7/91 [quasit[Xom] (1)]
  4739 | D:5      | 4739 ||| DRINKING 3 potions of heal wounds.
  4741 | D:5      | 4741 ||| DRINKING 2 potions of heal wounds.
  4753 | D:5      | 4753 ||| Stepping ~*~*~tactically~*~*~ (stealth).
  4921 | D:5      | XOM: summons 6 hostile demons
  4922 | D:5      | Noticed an orange demon
  5018 | D:5      | XOM: give mutations
  5018 | D:5      | Gained mutation: Your system is resistant to poisons.
                  | (rPois) [Xom's mischief]
  5018 | D:5      | Lost mutation: Your magical capacity is very low. (-20% MP)
                  | [Xom's mischief]
  5018 | D:5      | Gained mutation: You occasionally lose the ability to read
                  | scrolls when taking damage. [Xom's mischief]
  5018 | D:5      | Lost mutation: Your magical capacity is low. (-10% MP)
                  | [Xom's mischief]
  5135 | D:5      | 5135 ||| DRINKING potion of mutation.
  5135 | D:5      | Lost mutation: Your system is resistant to poisons. (rPois)
                  | [potion of mutation]
  5135 | D:5      | Lost mutation: You are partially covered in iridescent
                  | scales. (AC +2) [potion of mutation]
  5135 | D:5      | Gained mutation: Your flesh is cold resistant. (rC+)
                  | [potion of mutation]
  5135 | D:5      | Gained mutation: Your movements are slightly less
                  | encumbered by armour. (ER -2) [potion of mutation]
  5145 | D:5      | Found a staircase to the Ecumenical Temple.
  5146 | D:5      | 5146 ||| PLANNING TEMPLE
  5146 | D:5      | 5146 ||| READING scroll labelled RITIQU VAOWAIXEY.
  5147 | D:5      | 5147 ||| READING scroll labelled WEDGHU ILEAMI.
  5157 | Temple   | Entered the Ecumenical Temple
  5191 | Temple   | 5191 ||| PLANNING D:1-11
  5262 | D:5      | 5262 ||| Stepping ~*~*~tactically~*~*~ (stealth).
  5264 | D:5      | 5264 ||| Stepping ~*~*~tactically~*~*~ (hiding).
  5266 | D:5      | 5266 ||| Stepping ~*~*~tactically~*~*~ (hiding).
  5269 | D:5      | 5269 ||| Stepping ~*~*~tactically~*~*~ (hiding).
  5311 | D:5      | XOM: god gift: Ozocubu's Autobiography
  5456 | D:5      | XOM: summons 2 hostile demons
  5457 | D:5      | 5457 ||| DRINKING 3 potions of curing.
  5457 | D:5      | 5457 ||| (to cure confusion)
  5829 | D:5      | Found a basalt altar of Yredelemnul.
  5830 | D:5      | 5830 ||| READING scroll labelled JANNIELEZU.
  5867 | D:6      | XOM: noise
  5913 | D:6      | 5913 ||| Stepping ~*~*~tactically~*~*~ (stealth).
  5922 | D:6      | Reached skill level 9 in Axes
  5925 | D:6      | Reached skill level 3 in Armour
  5980 | D:6      | 5980 ||| Stepping ~*~*~tactically~*~*~ (stealth).
  5981 | D:6      | 5981 ||| Stepping ~*~*~tactically~*~*~ (stealth).
  5982 | D:6      | 5982 ||| Stepping ~*~*~tactically~*~*~ (stealth).
  5984 | D:6      | 5984 ||| Stepping ~*~*~tactically~*~*~ (hiding).
  6120 | D:6      | 6120 ||| Stepping ~*~*~tactically~*~*~ (stealth).
  6121 | D:6      | 6121 ||| Stepping ~*~*~tactically~*~*~ (stealth).
  6123 | D:6      | 6123 ||| Stepping ~*~*~tactically~*~*~ (stealth).
  6126 | D:6      | 6126 ||| Stepping ~*~*~tactically~*~*~ (stealth).
  6134 | D:6      | Reached skill level 1 in Throwing
  6174 | D:6      | 6174 ||| Stepping ~*~*~tactically~*~*~ (stealth).
  6273 | D:6      | Found a bloodstained altar of Trog.
  6568 | D:6      | Found a white marble altar of Elyvilon.
  6577 | D:6      | 6577 ||| READING scroll labelled SICSUY WIOCZAA.
  6578 | D:6      | 6578 ||| READING 4 scrolls of identify.
  6578 | D:6      | 6578 ||| IDENTIFYING bubbling red potion
  6612 | D:7      | Found a shadowy altar of Dithmenos.
  6622 | D:7      | Reached XP level 9. HP: 91/97 MP: 9/9
  6647 | D:7      | 6647 ||| Stepping ~*~*~tactically~*~*~ (hiding).
  6648 | D:7      | 6648 ||| Stepping ~*~*~tactically~*~*~ (hiding).
  6650 | D:7      | 6650 ||| Stepping ~*~*~tactically~*~*~ (hiding).
  6700 | D:7      | 6700 ||| DROPPING +1 mace of protection.
  6787 | D:7      | Killed an unseen horror
  6913 | D:7      | XOM: torment (42/97 hp)
  6954 | D:7      | XOM: stat loss: -2 Int (10/12)
  7149 | D:7      | 7149 ||| Stepping ~*~*~tactically~*~*~ (hiding).
  7150 | D:7      | 7150 ||| Stepping ~*~*~tactically~*~*~ (hiding).
  7184 | D:7      | 7184 ||| Stepping ~*~*~tactically~*~*~ (stealth).
  7186 | D:7      | 7186 ||| Stepping ~*~*~tactically~*~*~ (stealth).
  7210 | D:7      | Noticed Menkaure
  7216 | D:7      | HP: 24/97 [??? (21)]
  7217 | D:7      | 7217 ||| DRINKING potion of heal wounds.
  7220 | D:7      | Killed Menkaure
  7221 | D:7      | HP: 9/97 [orc warrior/+0 battleaxe (6)]
  7227 | D:7      | HP: 8/97 [poisoned by a kobold brigand]
  7228 | D:7      | 7228 ||| READING 2 scrolls of teleportation.
  7230 | D:7      | HP: 3/97 [orc warrior/+0 battleaxe (3)]
  7232 | D:7      | 7232 ||| DRINKING 2 potions of curing.
  7232 | D:7      | 7232 ||| (to cure poison)
  7273 | D:7      | XOM: give mutation
  7273 | D:7      | Gained mutation: Your body sometimes deteriorates upon
                  | taking damage. [Xom's mischief]
  7378 | D:7      | XOM: summons 2 hostile demons
  7379 | D:7      | Noticed a sixfirhy
  7382 | D:7      | HP: 23/97 [iron imp[Xom] (6)]
  7383 | D:7      | 7383 ||| READING scroll of teleportation.
  7386 | D:7      | HP: 10/97 [sixfirhy[Xom] (11)]
  7397 | D:7      | HP: 12/97 [sixfirhy[Xom] (1)]
  7397 | D:7      | Slain by a sixfirhy

Levels and vault maps discovered:
D:1:      amcnicky_arrival_blooded_trapdoor, layout_rooms,
          shapermc_ecumenical_altar_hornbeckon, st_stairs_9, minmay_pentomino_o4
D:2:      layout_basic, basic_altar
D:3:      minmay_chambers_of_twos, layout_loops_corners, fedhas_altar_2,
          minmay_gold_behind_fungi, st_stairs_7, uniq_jessica
D:4:      layout_cave_pools, nicolae_ossuary_entry_ruins, nicolae_eternal_life
D:5:      layout_cave_pools, lemuel_zombie_altar_yredelemnul,
          minmay_temple_entry_tees
D:6:      layout_rooms, trog_three_pillars_becter,
          lemuel_coloured_pillars_altar, st_stairs_5
D:7:      layout_cave_pools, grunt_dithmenos_smoke, kennysheep_mini_moat,
          mainiacjoe_overflow_boulevard, st_stairs_13, minmay_misc_feat_plants,
          uniq_menkaure
Temple:   hellmonk_temple_of_storms

Skill      XL: |  1  2  3  4  5  6  7  8  9 |
---------------+----------------------------+-----
Axes           | 4 5 6 7 8 9 10 | 10.1
Fighting       | 4 15 | 15.0
Armour         | 3 |  3.0
Throwing       | 1 2 |  2.0
Dodging        | |  1.1

Action                   |  1- 3 |  4- 6 |  7- 9 || total
-------------------------+-------+-------+-------++-------
Melee: Hand axe          |   103 |   202 |   348 ||   653
       Punch             |     1 |     1 |     6 ||     8
Throw: Boomerang         |    18 |       |     9 ||    27
       Javelin           |       |       |     8 ||     8
Invok: Renounce Religion |     1 |       |       ||     1
  Use: Scroll            |    10 |     5 |     9 ||    24
       Potion            |       |     6 |     6 ||    12
Armor: Leather armour    |    20 |       |       ||    20
       Ring mail         |    12 |       |       ||    12
       Chain mail        |     6 |    53 |       ||    59
       Scale mail        |       |    36 |   254 ||   290
Dodge: Dodged            |    61 |    53 |   180 ||   294
Block: Other             |       |       |    72 ||    72
       Reflection        |       |       |     2 ||     2

Table legend:
 A = Non-vault XP
 B = Vault XP
 C = Vault XP percentage of total XP
 D = Non-vault monster count
 E = Vault monster count
 F = Vault count percentage of total count
                 A         B        C        D         E       F
            +---------+---------+-------+---------+---------+-------
      Total |    2085 |     919 |  30.6 |      95 |      48 |  33.6
            +---------+---------+-------+---------+---------+-------
        D:1 |      18 |       9 |  33.3 |      12 |       6 |  33.3
        D:2 |      35 |       0 |   0.0 |      13 |       0 |   0.0
        D:3 |     118 |      83 |  41.3 |      20 |      11 |  35.5
        D:4 |     239 |       0 |   0.0 |      13 |       0 |   0.0
        D:5 |     498 |      86 |  14.7 |      16 |       2 |  11.1
        D:6 |     167 |     137 |  45.1 |       7 |       2 |  22.2
        D:7 |    1010 |     287 |  22.1 |      14 |       2 |  12.5
    Ossuary |       0 |     317 | 100.0 |       0 |      25 | 100.0
            +---------+---------+-------+---------+---------+-------
